NCAA
MIAMI HURRICANES @ BAYLOR BEARS
03/16/2060
 
TOP OF THE 1ST
Miami Hurricanes batting - Pitching for Baylor Bears : LHP London Rauth
Pitching: LHP London Rauth
Batting: LHB Jarod Reinhardt 0-0: Ball
1-0: Foul Ball, location: 2F
1-1: Swinging Strike
1-2: Ball
2-2: Fly out, F7 (Flyball, 7D, EV 94.4 MPH)
Batting: RHB Isaac McCall 0-0: Called Strike
0-1: Fly out, F8 (Flyball, 8RXD, EV 101.2 MPH)
Batting: RHB Vinnie Hayes 0-0: Ball
1-0: Ball
2-0: Ball
3-0: Swinging Strike
3-1: Base on Balls
Batting: LHB Jerry Fox 0-0: Called Strike
0-1: Called Strike
0-2: Fly out, F7 (Flyball, 7D, EV 96.9 MPH)
Top of the 1st over - 0 runs, 0 hits, 0 errors, 1 left on base; Miami 0 - Baylor 0
BOTTOM OF THE 1ST
Baylor Bears batting - Pitching for Miami Hurricanes : RHP McKay Choi
Pitching: RHP McKay Choi
Batting: RHB Jeremy Todd 0-0: SINGLE (Line Drive, 34D, EV 100.0 MPH)
Batting: RHB Johnathan de Jesus 0-0: Foul Ball, location: 2F
0-1: Ball
Wild Pitch!
Jeremy Todd to second
1-1: Ball
2-1: Fly out, F8 (Flyball, 8LD, EV 97.5 MPH)
Batting: LHB Ray Figgins 0-0: Ball
1-0: Swinging Strike
1-1: Foul Ball, location: 2F
1-2: Ball
2-2: Strikes out swinging
Batting: LHB Dave Arnett 0-0: Called Strike
0-1: Called Strike
0-2: Ball
1-2: Foul Ball, location: 2F
1-2: Ball
2-2: Foul Ball, location: 2F
2-2: Ball
3-2: Fly out, F8 (Flyball, 78M, EV 97.5 MPH)
Bottom of the 1st over - 0 runs, 1 hit, 0 errors, 1 left on base; Miami 0 - Baylor 0
TOP OF THE 2ND
Miami Hurricanes batting - Pitching for Baylor Bears : LHP London Rauth
Batting: RHB Kyle Reichel 0-0: SOLO HOME RUN (Flyball, 7D, EV 103.8 MPH), Distance : 413 ft
Batting: SHB Dezmond Koehler 0-0: Ball
1-0: Called Strike
1-1: Ball
2-1: Ball
3-1: Base on Balls
Batting: RHB Lanny Lozano 0-0: Ball
1-0: Foul Ball, location: 2F
1-1: Fly out, F8 (Flyball, 8RD, EV 79.4 MPH)
Batting: LHB Richie Levin 0-0: Ball
Dezmond Koehler steals 2nd base (no throw)
1-0: 2-RUN HOME RUN (Flyball, 9LD, EV 95.0 MPH), Distance : 347 ft
Batting: RHB Jamie Quimby 0-0: Ball
1-0: Ball
2-0: Ground out 4-3 (Groundball, 4, EV 99.4 MPH)
Batting: LHB Jarod Reinhardt 0-0: Foul Ball, location: 2F
0-1: Ball
1-1: Fly out, F7 (Flyball, 7S, EV 75.0 MPH)
Top of the 2nd over - 3 runs, 2 hits, 0 errors, 0 left on base; Miami 3 - Baylor 0
BOTTOM OF THE 2ND
Baylor Bears batting - Pitching for Miami Hurricanes : RHP McKay Choi
Batting: RHB Chase Terbush 0-0: Foul Ball, location: 2F
0-1: Foul Ball, location: 2F
0-2: Foul Ball, location: 2F
0-2: Fly out, F4 (Popup, 4, EV 66.9 MPH)
Batting: RHB Fred Levitz 0-0: Ball
1-0: Called Strike
1-1: Fly out, F8 (Flyball, 8RM, EV 95.6 MPH)
Batting: SHB Rhys Graham 0-0: Called Strike
0-1: Ball
1-1: Ball
2-1: Fly out, F8 (Line Drive, 8LD, EV 105.0 MPH)
Bottom of the 2nd over - 0 runs, 0 hits, 0 errors, 0 left on base; Miami 3 - Baylor 0
TOP OF THE 3RD
Miami Hurricanes batting - Pitching for Baylor Bears : LHP London Rauth
Batting: RHB Isaac McCall 0-0: SINGLE (Line Drive, 5D, EV 98.1 MPH)
Batting: RHB Vinnie Hayes 0-0: DOUBLE (Line Drive, 78D, EV 110.0 MPH)
Isaac McCall to third
Batting: LHB Jerry Fox 0-0: Ball
1-0: Ball
2-0: Foul Ball, location: 2F
2-1: Fly out, F7 (Flyball, 7D, EV 106.9 MPH)
Runner from 3rd tags up, SCORES, throw by LF
Vinnie Hayes to third
Batting: RHB Kyle Reichel 0-0: Foul Ball, location: 2F
0-1: Called Strike
0-2: Ball
1-2: Ball
2-2: Ground out 6-3 (Groundball, 56, EV 108.8 MPH)
Vinnie Hayes scores
Batting: SHB Dezmond Koehler 0-0: Foul Ball, location: 2F
0-1: Swinging Strike
0-2: Ball
1-2: Strikes out looking
Top of the 3rd over - 2 runs, 2 hits, 0 errors, 0 left on base; Miami 5 - Baylor 0
BOTTOM OF THE 3RD
Baylor Bears batting - Pitching for Miami Hurricanes : RHP McKay Choi
Batting: RHB Benjamin Ericson 0-0: Ball
1-0: Ball
2-0: SOLO HOME RUN (Flyball, 7LD, EV 95.0 MPH), Distance : 377 ft
Batting: RHB Tate Fitzgerald 0-0: Called Strike
0-1: Ball
1-1: Ball
2-1: Ground out 3-1 (Groundball, 34S, EV 90.0 MPH)
Batting: RHB Jeremy Todd 0-0: Ball
1-0: Ball
2-0: Ball
3-0: Called Strike
3-1: Ground out 5-3 (Groundball, 56S, EV 71.9 MPH)
Batting: RHB Johnathan de Jesus 0-0: Called Strike
0-1: Foul Ball, location: 2F
0-2: Ball
1-2: Ball
2-2: Ball
3-2: Fly out, F8 (Flyball, 8RM, EV 85.0 MPH)
Bottom of the 3rd over - 1 run, 1 hit, 0 errors, 0 left on base; Miami 5 - Baylor 1
TOP OF THE 4TH
Miami Hurricanes batting - Pitching for Baylor Bears : LHP London Rauth
Batting: RHB Lanny Lozano 0-0: Ball
1-0: Ball
2-0: Ground out 6-3 (Groundball, 6, EV 80.0 MPH)
Batting: LHB Richie Levin 0-0: Fly out, F7 (Flyball, 7LM, EV 91.9 MPH)
Batting: RHB Jamie Quimby 0-0: Called Strike
0-1: Ball
1-1: Foul Ball, location: 2F
1-2: Strikes out looking
Top of the 4th over - 0 runs, 0 hits, 0 errors, 0 left on base; Miami 5 - Baylor 1
BOTTOM OF THE 4TH
Baylor Bears batting - Pitching for Miami Hurricanes : RHP McKay Choi
Batting: LHB Ray Figgins 0-0: Ball
1-0: Foul Ball, location: 2F
1-1: Swinging Strike
1-2: Ground out 6-3 (Groundball, 6M, EV 107.5 MPH)
Batting: LHB Dave Arnett 0-0: Called Strike
0-1: Fly out, F8 (Flyball, 8LXD, EV 87.5 MPH)
Batting: RHB Chase Terbush 0-0: Swinging Strike
0-1: Fly out, F7 (Flyball, 78XD, EV 92.5 MPH)
Bottom of the 4th over - 0 runs, 0 hits, 0 errors, 0 left on base; Miami 5 - Baylor 1
TOP OF THE 5TH
Miami Hurricanes batting - Pitching for Baylor Bears : LHP London Rauth
Pitching: LHP Calvin Bigelow
Batting: LHB Jarod Reinhardt 0-0: Foul Ball, location: 2F
0-1: Ball
1-1: SOLO HOME RUN (Flyball, 89XD, EV 101.2 MPH), Distance : 412 ft
Batting: RHB Isaac McCall 0-0: Called Strike
0-1: Ball
1-1: Foul Ball, location: 2F
1-2: SINGLE (Flyball, 8LS, EV 98.1 MPH)
Batting: RHB Vinnie Hayes 0-0: Called Strike
0-1: Ball
1-1: SINGLE (Flyball, 78S, EV 91.9 MPH)
Isaac McCall to second
Batting: LHB Jerry Fox 0-0: Ball
1-0: Ball
2-0: Ball
3-0: Called Strike
3-1: SINGLE (Line Drive, 89S, EV 105.0 MPH)
Isaac McCall to third
Vinnie Hayes to second
Batting: RHB Kyle Reichel 0-0: Foul Ball, location: 2F
0-1: Fly out, F9 (Flyball, 89M, EV 91.9 MPH)
Runner from 3rd tags up, SCORES, throw by RF
Batting: SHB Dezmond Koehler 0-0: Ball
1-0: Ball
2-0: Ball
3-0: Called Strike
3-1: SINGLE (Groundball, 5S, EV 61.2 MPH) (infield hit)
Vinnie Hayes to third
Jerry Fox to second
Batting: RHB Lanny Lozano 0-0: Called Strike
0-1: Ball
1-1: SINGLE (Groundball, 6D, EV 100.6 MPH)
Vinnie Hayes scores
Jerry Fox to third
Dezmond Koehler to second
Runner from 3rd tries for Home, SAFE, throw by LF to home
Pitching: RHP Kavon Venegas
Batting: LHB Richie Levin 0-0: Ball
1-0: Ball
2-0: Called Strike
2-1: Foul Ball, location: 2F
2-2: Foul Ball, location: 2F
2-2: Foul Ball, location: 2F
2-2: Ball
3-2: SINGLE (Groundball, 34S, EV 71.2 MPH) (infield hit)
Dezmond Koehler to third
Lanny Lozano to second
Batting: RHB Jamie Quimby 0-0: Ball
1-0: Foul Ball, location: 2F
1-1: Called Strike
1-2: Ball
2-2: Ball
3-2: Fly out, F5 (Popup, 56, EV 66.2 MPH)
Batting: LHB Jarod Reinhardt 0-0: Ground out U3 (Groundball, 34, EV 98.8 MPH)
Top of the 5th over - 4 runs, 7 hits, 0 errors, 3 left on base; Miami 9 - Baylor 1
BOTTOM OF THE 5TH
Baylor Bears batting - Pitching for Miami Hurricanes : RHP McKay Choi
Batting: RHB Fred Levitz 0-0: Called Strike
0-1: Fly out, F7 (Flyball, 78M, EV 91.9 MPH)
Batting: SHB Rhys Graham 0-0: Ball
1-0: Called Strike
1-1: SINGLE (Flyball, 3D, EV 90.6 MPH)
Batting: RHB Benjamin Ericson 0-0: Ball
1-0: Ball
2-0: Foul Ball, location: 2F
2-1: Ball
3-1: Called Strike
3-2: Ground out U3 (Groundball, 23, EV 81.9 MPH)
Rhys Graham to second
Batting: RHB Tate Fitzgerald 0-0: Called Strike
0-1: Ball
1-1: Fly out, F7 (Line Drive, 7D, EV 90.6 MPH)
Bottom of the 5th over - 0 runs, 1 hit, 0 errors, 1 left on base; Miami 9 - Baylor 1
TOP OF THE 6TH
Miami Hurricanes batting - Pitching for Baylor Bears : RHP Kavon Venegas
Batting: RHB Isaac McCall 0-0: Fly out, F6 (Line Drive, 6, EV 73.1 MPH)
Batting: RHB Vinnie Hayes 0-0: Ball
1-0: Called Strike
1-1: Swinging Strike
1-2: Fly out, F7 (Flyball, 8LM, EV 76.2 MPH)
Batting: LHB Jerry Fox 0-0: Ball
1-0: Fly out, F6 (Popup, 6M, EV 71.2 MPH)
Top of the 6th over - 0 runs, 0 hits, 0 errors, 0 left on base; Miami 9 - Baylor 1
BOTTOM OF THE 6TH
Baylor Bears batting - Pitching for Miami Hurricanes : RHP McKay Choi
Batting: RHB Jeremy Todd 0-0: Ball
1-0: Foul Ball, location: 2F
1-1: Called Strike
1-2: Ball
2-2: Fly out, F3 (Popup, 23F, EV 85.6 MPH)
Batting: RHB Johnathan de Jesus 0-0: Ball
1-0: Swinging Strike
1-1: Ball
2-1: Foul Ball, location: 2F
2-2: Foul Ball, location: 2F
2-2: Foul Ball, location: 2F
2-2: SOLO HOME RUN (Flyball, 7D, EV 97.5 MPH), Distance : 402 ft
Batting: LHB Ray Figgins 0-0: Ball
1-0: Called Strike
1-1: Swinging Strike
1-2: Ball
2-2: DOUBLE (Flyball, 8RXD, EV 96.9 MPH)
Pitching: RHP Isaac Heck
Batting: LHB Dave Arnett 0-0: Foul Ball, location: 2F
0-1: Fly out, F5 (Popup, 5SF, EV 70.6 MPH)
Batting: RHB Chase Terbush 0-0: Ball
1-0: Ball
2-0: Ball
3-0: Called Strike
3-1: Called Strike
3-2: Base on Balls
Batting: RHB Fred Levitz 0-0: Foul Ball, location: 2F
0-1: Swinging Strike
0-2: Ball
1-2: Ball
2-2: Foul Ball, location: 2F
2-2: Fly out, F7 (Flyball, 78M, EV 85.6 MPH)
Bottom of the 6th over - 1 run, 2 hits, 0 errors, 2 left on base; Miami 9 - Baylor 2
TOP OF THE 7TH
Miami Hurricanes batting - Pitching for Baylor Bears : RHP Kavon Venegas
Batting: RHB Kyle Reichel 0-0: Ball
1-0: Ground out 1-3 (Groundball, 23, EV 76.9 MPH)
Batting: SHB Dezmond Koehler 0-0: Ball
1-0: Called Strike
1-1: Called Strike
1-2: Ball
2-2: Ball
3-2: Base on Balls
Batting: RHB Lanny Lozano 0-0: Called Strike
Dezmond Koehler steals 2nd base (no throw)
0-1: Ball
1-1: Foul Ball, location: 2F
1-2: Ball
2-2: Strikes out looking
Batting: LHB Richie Levin 0-0: Fly out, F7 (Flyball, 7, EV 85.6 MPH)
Top of the 7th over - 0 runs, 0 hits, 0 errors, 1 left on base; Miami 9 - Baylor 2
BOTTOM OF THE 7TH
Baylor Bears batting - Pitching for Miami Hurricanes : RHP Isaac Heck
Batting: SHB Rhys Graham 0-0: Called Strike
0-1: Foul Ball, location: 2F
0-2: Ball
1-2: SINGLE (Groundball, 25, EV 75.6 MPH) (infield hit)
Batting: RHB Benjamin Ericson 0-0: Ball
1-0: Called Strike
1-1: Ball
2-1: Fly out, F9 (Flyball, 9D, EV 106.9 MPH)
Batting: RHB Tate Fitzgerald 0-0: Ball
Rhys Graham steals 2nd base (no throw)
1-0: Called Strike
1-1: Ball
2-1: Foul Ball, location: 2F
2-2: Ball
3-2: Foul Ball, location: 2F
3-2: Ground out 4-3 (Groundball, 4, EV 83.8 MPH)
Rhys Graham to third
Batting: RHB Jeremy Todd 0-0: Ball
1-0: Called Strike
1-1: Swinging Strike
1-2: Fly out, F3 (Popup, 3F, EV 56.9 MPH)
Bottom of the 7th over - 0 runs, 1 hit, 0 errors, 1 left on base; Miami 9 - Baylor 2
TOP OF THE 8TH
Miami Hurricanes batting - Pitching for Baylor Bears : RHP Kavon Venegas
Batting: RHB Jamie Quimby 0-0: Ball
1-0: Ball
2-0: Foul Ball, location: 2F
2-1: Ball
3-1: Foul Ball, location: 2F
3-2: Foul Ball, location: 2F
3-2: DOUBLE (Line Drive, 78D, EV 108.8 MPH)
Pitching: RHP Moshe Perasso
Batting: LHB Jarod Reinhardt 0-0: Called Strike
0-1: Ball
1-1: Ball
2-1: Swinging Strike
2-2: Foul Ball, location: 2F
2-2: Fly out, F7 (Flyball, 78S, EV 82.5 MPH)
Batting: RHB Isaac McCall 0-0: Swinging Strike
0-1: Ball
1-1: Called Strike
1-2: Strikes out swinging
Batting: RHB Vinnie Hayes 0-0: Called Strike
0-1: Foul Ball, location: 2F
0-2: Foul Ball, location: 2F
0-2: Ball
1-2: Ball
2-2: Strikes out swinging
Top of the 8th over - 0 runs, 1 hit, 0 errors, 1 left on base; Miami 9 - Baylor 2
BOTTOM OF THE 8TH
Baylor Bears batting - Pitching for Miami Hurricanes : RHP Isaac Heck
Pinch Hitting: RHB Nathan Lance 0-0: Ball
1-0: Ball
2-0: Foul Ball, location: 2F
2-1: Ball
3-1: Swinging Strike
3-2: Base on Balls
Pitching: RHP Mitch Lockhart
Batting: LHB Ray Figgins 0-0: Ball
1-0: Grounds into double play, 3-6-3 (Groundball, 34, EV 92.5 MPH)
Batting: LHB Dave Arnett 0-0: Called Strike
0-1: Swinging Strike
0-2: Ball
1-2: Ball
2-2: Ball
3-2: Base on Balls
Batting: RHB Chase Terbush 0-0: Foul Ball, location: 2F
0-1: Foul Ball, location: 2F
0-2: Ball
Wild Pitch!
Dave Arnett to second
1-2: Foul Ball, location: 2F
1-2: 2-RUN HOME RUN (Flyball, 7LD, EV 99.4 MPH), Distance : 380 ft
Batting: RHB Fred Levitz 0-0: Called Strike
0-1: Ground out 4-3 (Groundball, 4, EV 96.2 MPH)
Bottom of the 8th over - 2 runs, 1 hit, 0 errors, 0 left on base; Miami 9 - Baylor 4
TOP OF THE 9TH
Miami Hurricanes batting - Pitching for Baylor Bears : RHP Moshe Perasso
Now at 1B: Nathan Lance
Batting: LHB Jerry Fox 0-0: Ball
1-0: Ball
2-0: Ball
3-0: Base on Balls
Batting: RHB Kyle Reichel 0-0: Ball
1-0: Fielders Choice at 2nd, 4-6 (Groundball, 34, EV 105.6 MPH)
Batting: SHB Dezmond Koehler 0-0: Foul Ball, location: 2F
0-1: Fly out, F9 (Flyball, 89S, EV 98.1 MPH)
Batting: RHB Lanny Lozano 0-0: Ball
1-0: Ground out 5-3 (Groundball, 56D, EV 101.9 MPH)
Top of the 9th over - 0 runs, 0 hits, 0 errors, 1 left on base; Miami 9 - Baylor 4
BOTTOM OF THE 9TH
Baylor Bears batting - Pitching for Miami Hurricanes : RHP Mitch Lockhart
Batting: SHB Rhys Graham 0-0: Foul Ball, location: 2F
0-1: Fly out, F8 (Flyball, 8RD, EV 85.0 MPH)
Pinch Hitting: SHB Bennett Moore 0-0: Called Strike
0-1: Ball
1-1: Swinging Strike
1-2: Strikes out swinging
Batting: RHB Tate Fitzgerald 0-0: Ball
1-0: Ball
2-0: Called Strike
2-1: Called Strike
2-2: Strikes out swinging
Bottom of the 9th over - 0 runs, 0 hits, 0 errors, 0 left on base; Miami 9 - Baylor 4
Wednesday, April 17th , 2024 - OOTP Baseball 23.10 Build 110